 Dungeon Crawl Stone Soup version 0.17-a0-986-gf45d1aa (webtiles) character file.

12345 inmateoo the Jinx (level 11, -3/80 HPs)
             Began as a Vampire Enchanter on May 11, 2015.
             Was a Believer of Ashenzari.
             Slain by an eight-headed hydra (12 damage)
             ... on level 13 of the Dungeon.
             The game lasted 00:29:33 (11728 turns).

inmateoo the Jinx (Vampire Enchanter)              Turns: 11728, Time: 00:29:34

Health: -3/80      AC:  6    Str: 10    XL:     11   Next: 61%
Magic:  12/19      EV: 16    Int: 21    God:    Ashenzari [**....]
Gold:   819        SH:  4    Dex: 15    Spells: 6 memorised, 3 levels left

rFire  . . .     SeeInvis +     s - +4 dagger (elec)
rCold  + + .     Clarity  .     b - +1 robe
rNeg   + + +     SustAb   .     H - +0 buckler
rPois  ∞         Gourm    .     (no helmet)
rElec  .         Spirit   .     e - +1 cloak
rCorr  .         Warding  .     M - +0 pair of gloves
rMut   .         Stasis   .     (no boots)
MR     +....                    (no amulet)
Stlth  +++++++...               O - ring of wizardry
                                w - +3 ring of strength

@: about to teleport, bloodless, non-regenerating, somewhat resistant to hostile
enchantments, extremely stealthy
A: fangs 3, see invisible, unbreathing
a: Bat Form, Scrying, Renounce Religion


You were on level 13 of the Dungeon.
You worshipped Ashenzari.
Ashenzari was pleased with you.
You were bloodless.

You visited 1 branch of the dungeon, and saw 13 of its levels.
You also visited: Ossuary.

You collected 819 gold pieces.

Inventory:

Hand weapons
 j - a +2 short sword of electrocution
 s - a +4 dagger of electrocution (weapon)
Armour
 b - a +1 robe (worn)
 e - a +1 cloak (worn)
 H - a +0 buckler (worn)
 M - a +0 pair of gloves (worn)
Magical staves
 x - an uncursed staff of power
Jewellery
 w - a +3 ring of strength (left hand)
 O - a ring of wizardry (right hand)
Magical devices
 a - a wand of confusion (15)
 t - a wand of paralysis (20)
 v - a wand of heal wounds (3)
 E - a wand of fire (7)
 J - a wand of enslavement (14)
 P - a wand of slowing (12)
 S - a wand of enslavement (7)
Scrolls
 f - 10 scrolls of teleportation
 k - 4 scrolls of recharging
 l - 4 scrolls of amnesia
 m - 4 scrolls of enchant weapon
 p - 9 scrolls of remove curse
 z - a scroll of identify
 C - 3 scrolls of magic mapping
 F - a scroll of blinking
Potions
 d - a potion of invisibility
 g - a potion of cure mutation
 h - 4 potions of haste
 i - 2 potions of magic
 n - a potion of curing
 q - a potion of brilliance
 u - a potion of heal wounds
 D - 3 potions of flight {unknown}
 G - a potion of might
 K - a potion of agility
Books
 c - a book of Maledictions

   Spells                             Type                      Level
   a - Corona                         Hexes                        1
   b - Ensorcelled Hibernation        Hexes/Ice                    2
   c - Confuse                        Hexes                        3
   d - Tukima's Dance                 Hexes                        3
   e - Dazzling Spray                 Conjuration/Hexes            3
 o - a book of Conjurations

   Spells                             Type                      Level
   a - Magic Dart                     Conjuration                  1
   b - Searing Ray                    Conjuration                  2
   c - Dazzling Spray                 Conjuration/Hexes            3
   d - Fulminant Prism                Conjuration/Hexes            4
   e - Iskenderun's Mystic Blast      Conjuration                  4
   f - Iskenderun's Battlesphere      Conjuration/Charms           5
 r - the Volume of Malediction
   (You found it on level 5 of the Dungeon)

   Spells                             Type                      Level
   a - Confusing Touch                Hexes                        2
   b - Confuse                        Hexes                        3
   c - Gell's Gravitas                Hexes/Translocation          3
 y - Kikubaaqudgha's Reference Book on Darkness
   (You found it on level 7 of the Dungeon)

   Spells                             Type                      Level
   a - Animate Skeleton               Necromancy                   1
 A - Sif Muna's Catalogue of Good Luck
   (You found it on level 7 of the Dungeon)

   Spells                             Type                      Level
   a - Infusion                       Charms                       1
 B - Vehumet's Disquisition on Confrontation
   (You found it on level 7 of the Dungeon)

   Spells                             Type                      Level
   a - Magic Dart                     Conjuration                  1
 I - a Grand Grimoire {highlevel, unknown}

   This book is beyond your current level of understanding.

   Spells                             Type                      Level
   a - Monstrous Menagerie            Summoning                    6
   b - Summon Greater Demon           Summoning                    7
   c - Malign Gateway                 Summoning/Translocation      7
   d - Summon Horrible Things         Summoning                    8
 L - a book of Callings

   Spells                             Type                      Level
   a - Summon Small Mammal            Summoning                    1
   b - Call Imp                       Summoning                    2
   c - Call Canine Familiar           Summoning                    3
   d - Summon Guardian Golem          Hexes/Summoning              3
   e - Summon Lightning Spire         Summoning/Air                4
   f - Summon Ice Beast               Ice/Summoning                4
 N - a book of Dreams

   Spells                             Type                      Level
   a - Ensorcelled Hibernation        Hexes/Ice                    2
   b - Flight                         Charms/Air                   3
   c - Phase Shift                    Translocation                5
   d - Shadow Creatures               Summoning                    5
   e - Mass Confusion                 Hexes                        6
   f - Darkness                       Hexes                        7
 Q - a book of Cantrips

   Spells                             Type                      Level
   a - Corona                         Hexes                        1
   b - Animate Skeleton               Necromancy                   1
   c - Summon Small Mammal            Summoning                    1
   d - Apportation                    Translocation                1


   Skills:
 + Level 5.5 Fighting
 * Level 9.7 Short Blades
 + Level 7.5 Dodging
 * Level 12.5 Stealth
 + Level 2.5 Shields
 + Level 5.9 Spellcasting
 * Level 13.2 Hexes


You had 3 spell levels left.
You knew the following spells:

 Your Spells              Type           Power        Failure   Level  Hunger
a - Corona                Hex            ######.      1%          1    None
b - Ensorcelled Hibernat  Hex/Ice        ####..       1%          2    None
c - Confuse               Hex            ######..     1%          3    ##.....
d - Tukima's Dance        Hex            ######..     1%          3    ##.....
e - Dazzling Spray        Conj/Hex       ####....     1%          3    ##.....
f - Mass Confusion        Hex            ######....   4%          6    #######


Dungeon Overview and Level Annotations

Branches:
Dungeon (13/15)            Temple (0/1) D:5            Lair (0/8) D:9
    Orc (0/4) D:12         Vaults (0/5) D:13

Altars:
Ashenzari
Dithmenos
Elyvilon
Gozag
Kikubaaqudgha
Makhleb
Nemelex Xobeh
Okawaru
Sif Muna
Trog
Vehumet
Yredelemnul
Zin

Shops:
D:10 :

Annotations:
D:13 Rupert


Innate Abilities, Weirdness & Mutations

You do not heal naturally.
You are immune to poison.
You have razor-sharp teeth.
You have supernaturally acute eyesight.
You can survive without breathing.


Message History

Found an uncursed quarterstaff.
Unknown command.
Unknown command.
The human shouts!
Unknown command.
Unknown command.
The human shouts! x3
The killer bee buzzes angrily.
You hit the human.
The human is lightly wounded.
You block the eight-headed hydra's attack.
The eight-headed hydra misses you. The eight-headed hydra bites you.
* * * LOW HITPOINT WARNING * * *
The eight-headed hydra barely misses you.
The eight-headed hydra bites you!
* * * LOW HITPOINT WARNING * * *
You block the eight-headed hydra's attack.
The eight-headed hydra barely misses you.
The eight-headed hydra bites you!
You die...

*
#†........#.........#**
#.........'.........+,,
, #.........##........#
#.........+.........# ,
##.........#####+#####,*
............# * ,
.........S.{# * * ,
......###D########
...... #.@p...... * *
..... #p@ppy.... * .. ,
#.pyp..... ,,,, *
.....y.z.. * ,,
...pppy.... ,
#.....pppp.. , ,
+...p.opp... , ,
#......).... , ,, , ,


You could see Rupert, an eight-headed hydra, an orc knight, a skeletal warrior,
16 humans and 4 killer bees.

Vanquished Creatures
  A centaur warrior (D:13)
  An ugly thing (D:11)
  The ghost of Protee the Transmogrifier, an experienced DsTm of Ru (D:7)
  2 cyclopes (D:12)
  A gargoyle (D:10)
  2 trolls
  A wandering mushroom (D:9)
  12 yaks
  A shadow (D:11)
  A wraith (D:10)
  A spriggan (D:7)
  2 wyverns
  Eustachio (D:6)
  A hungry ghost (D:9)
  2 hippogriffs
  A deep elf mage (D:9)
  Menkaure (D:6)
  Edmund (D:4)
  3 orc warriors
  The ghost of Tux the Conjurer, an average TeCj (Ossuary)
  A water moccasin (D:9)
  2 black bears
  5 ice beasts
  2 necrophages
  2 ogres (D:8)
  A phantom (D:8)
  2 sky beasts
  8 centaurs
  3 big kobolds
  6 giant frogs
  A gnoll sergeant (D:11)
  2 scorpions
  A wyvern skeleton (D:7)
  5 killer bees (D:8)
  4 wights
  6 bog bodies (Ossuary)
  6 giant frog zombies (Ossuary)
  3 crimson imps
  4 hounds
  2 centaur skeletons
  2 jellies
  A giant frog skeleton (D:4)
  5 orc priests
  7 worker ants
  4 iguanas
  10 orc wizards
  Terence (D:2)
  A hound zombie (Ossuary)
  10 mummies
  2 hound skeletons (D:4)
  3 worker ant zombies
  11 gnolls
  16 adders
  2 shadow imps
  An adder zombie (Ossuary)
  2 giant geckos
  65 orcs
  A ball python (D:7)
  3 bat skeletons
  A bat zombie (D:8)
  7 giant cockroaches
  10 goblins
  13 hobgoblins
  4 quokkas
  14 bats
  A giant cockroach zombie (D:6)
  A giant gecko zombie (Ossuary)
  9 giant newts
  A giant spore (D:11)
  8 jackals
  21 kobolds
  11 rats
  6 ballistomycetes
357 creatures vanquished.

Vanquished Creatures (collateral kills)
  An ogre (D:9)
  4 wights
5 creatures vanquished.

Vanquished Creatures (others)
  An orc (D:7)
  2 giant spores
  A quokka zombie (D:5)
  3 plants (Ossuary)
7 creatures vanquished.

Grand Total: 369 creatures vanquished

Notes
Turn   | Place    | Note
--------------------------------------------------------------
     0 | D:1      | inmateoo the Vampire Enchanter began the quest for the Orb.
     0 | D:1      | Reached XP level 1. HP: 13/13 MP: 3/3
   496 | D:1      | Reached XP level 2. HP: 8/19 MP: 3/5
   515 | D:1      | Learned a level 2 spell: Ensorcelled Hibernation
  1362 | D:2      | Reached skill level 5 in Hexes
  1408 | D:2      | Reached XP level 3. HP: 25/25 MP: 6/6
  1413 | D:2      | Learned a level 3 spell: Confuse
  1561 | D:2      | Found a burning altar of Makhleb.
  1564 | D:2      | Noticed Terence
  1568 | D:2      | Killed Terence
  1574 | D:2      | Reached skill level 1 in Fighting
  1574 | D:2      | Reached XP level 4. HP: 28/32 MP: 2/7
  2185 | D:3      | Reached XP level 5. HP: 37/37 MP: 5/8
  2268 | D:3      | Reached skill level 6 in Hexes
  2354 | D:3      | Reached skill level 5 in Stealth
  2724 | D:4      | Noticed Edmund
  2751 | D:4      | Killed Edmund
  2751 | D:4      | Reached XP level 6. HP: 18/43 MP: 4/9
  3314 | D:4      | Learned a level 3 spell: Tukima's Dance
  3537 | D:4      | Reached skill level 7 in Hexes
  3981 | D:4      | Reached XP level 7. HP: 50/50 MP: 8/11
  4089 | D:4      | Found a shattered altar of Ashenzari.
  4131 | D:5      | Entered Level 5 of the Dungeon
  4186 | D:5      | Identified the Volume of Malediction (You found it on level 5 of the Dungeon)
  4416 | D:5      | Found a sand-covered staircase.
  4424 | Ossuary  | Entered an ossuary
  4541 | Ossuary  | Reached skill level 5 in Short Blades
  4565 | Ossuary  | Reached skill level 8 in Hexes
  4705 | Ossuary  | Reached XP level 8. HP: 32/57 MP: 5/12
  5109 | Ossuary  | Noticed Tux's ghost (average TeCj)
  5119 | Ossuary  | Killed Tux's ghost
  5362 | D:4      | Became a worshipper of Ashenzari the Shackled
  5403 | D:5      | Reached skill level 9 in Hexes
  5487 | D:5      | Reached skill level 5 in Dodging
  5602 | D:5      | Found a staircase to the Ecumenical Temple.
  6377 | D:5      | Reached XP level 9. HP: 64/64 MP: 9/14
  6412 | D:6      | Learned a level 3 spell: Dazzling Spray
  6462 | D:6      | Noticed Eustachio
  6473 | D:6      | Killed Eustachio
  6597 | D:6      | Reached skill level 10 in Hexes
  6704 | D:6      | Found a shattered altar of Ashenzari.
  6754 | D:6      | Noticed Menkaure
  6757 | D:6      | Killed Menkaure
  6760 | D:6      | Found an opulent altar of Gozag.
  6760 | D:6      | Found a white marble altar of Elyvilon.
  6760 | D:6      | Found an iron altar of Okawaru.
  6761 | D:6      | Found a glowing silver altar of Zin.
  6764 | D:6      | Found a sparkling altar of Nemelex Xobeh.
  7112 | D:7      | Found a basalt altar of Yredelemnul.
  7302 | D:7      | Found a bloodstained altar of Trog.
  7442 | D:7      | Noticed Protee's ghost (experienced DsTm)
  7456 | D:7      | Killed Protee's ghost
  7456 | D:7      | Reached skill level 11 in Hexes
  7508 | D:7      | Reached XP level 10. HP: 73/73 MP: 16/16
  7542 | D:7      | Found a deep blue altar of Sif Muna.
  7544 | D:7      | Found a radiant altar of Vehumet.
  7544 | D:7      | Found an ancient bone altar of Kikubaaqudgha.
  7549 | D:7      | Identified Kikubaaqudgha's Reference Book on Darkness
  7556 | D:7      | Identified Sif Muna's Catalogue of Good Luck
  7563 | D:7      | Identified Vehumet's Disquisition on Confrontation
  7789 | D:8      | Reached skill level 10 in Stealth
  8202 | D:8      | Found a shadowy altar of Dithmenos.
  8485 | D:9      | Found a staircase to the Lair.
  8605 | D:9      | Reached skill level 5 in Spellcasting
  8770 | D:9      | Reached skill level 12 in Hexes
  9018 | D:10     | Entered Level 10 of the Dungeon
  9018 | D:10     | Found Saetz's Book Boutique.
  9065 | D:10     | Reached skill level 1 in Shields
  9165 | D:10     | Reached skill level 5 in Fighting
  9309 | D:10     | Acquired Ashenzari's first power
  9513 | D:11     | Reached XP level 11. HP: 79/79 MP: 19/19
  9538 | D:11     | Learned a level 6 spell: Mass Confusion
 11058 | D:12     | Reached skill level 13 in Hexes
 11388 | D:12     | Found a staircase to the Orcish Mines.
 11451 | D:13     | Noticed a centaur warrior
 11468 | D:13     | Killed a centaur warrior
 11707 | D:13     | Noticed an eight-headed hydra
 11723 | D:13     | Found a gate to the Vaults.
 11724 | D:13     | Noticed Rupert
 11724 | D:13     | Noticed an unseen horror
 11725 | D:13     | Noticed a skeletal warrior
 11728 | D:13     | Slain by an eight-headed hydra

Vault maps used:
D:1:      evilmike_arrival_crescent, minmay_misc_feat_more_columns,
          bh_walls_and_bars
D:2:      makhleb_heckhound_becter, first_bread, uniq_terence
D:3:      kennysheep_big_flooded_room, minmay_misc_feat_columns
D:4:      nicolae_overflow_hidden_temple, uniq_edmund
D:5:      black_bear_nest_1, minmay_temple_entry_crystal_x,
          gup_ossuary_entry_pyramid, kennysheep_dice
D:6:      minitemple, basic_altar, uniq_eustachio, uniq_menkaure
D:7:      grunt_temple_overflow_magic_moments, yredelemnul_altar_generic,
          lemuel_doored_altar, the_bakery, uniq_prince_ribbit1
D:8:      lemuel_round_altar
D:9:      dpeg_oklobed_lair, grunt_tough_drop
D:10:     serial_shops, shop
D:11:     minmay_tree_intersection, st_stairs_8
D:12:     hiddenorc1_lemuel, kennysheep_windowed_goal
D:13:     david_vaults_3, uniq_nessos
Ossuary:  ossuary_zaba_flooded

Action                   |  1- 3 |  4- 6 |  7- 9 | 10-12 || total
-------------------------+-------+-------+-------+-------++-------
Melee: Dagger            |    56 |       |   319 |   373 ||   748
       Short sword       |    15 |   138 |    20 |       ||   173
Throw: Throwing net      |       |       |     1 |       ||     1
 Cast: Corona            |     5 |       |       |       ||     5
       Ensorcelled Hiber |    13 |    20 |    38 |    35 ||   106
       Confuse           |       |       |    40 |    21 ||    61
       Tukima's Dance    |       |       |       |     7 ||     7
Evoke: Wand              |       |       |       |     1 ||     1
  Use: Scroll            |     4 |     9 |     6 |     7 ||    26
       Potion            |       |     1 |     7 |     1 ||     9
 Stab: Sleeping          |    21 |    20 |    34 |    56 ||   131
       Confused          |       |       |    14 |    11 ||    25
       Invisible         |       |       |     2 |       ||     2
       Distracted        |       |       |     3 |     1 ||     4
  Eat: Corpse            |       |     2 |     3 |       ||     5
